TOP OF THE 1ST |
---|
Moose Jaw Ghostbusters batting - Pitching for Balzac Rams : RHP Tim Osborne | Pitching: RHP Tim Osborne | | Batting: RHB Johnny MacNamara | 0-0: Ball 1-0: Hit by Pitch | Batting: LHB Jon Rogers | 0-0: Ground out U3 (Groundball, 3) Johnny MacNamara to second | Batting: RHB Billy Mullins | 0-0: Called Strike 0-1: Called Strike 0-2: Strikes out looking | Batting: RHB Yasuhiko Sumita | 0-0: Ball 1-0: Ball 2-0: Ball 3-0: Base on Balls | Batting: LHB Jon Scott | 0-0: Called Strike 0-1: Ball 1-1: Foul Ball, location: 2F 1-2: Ball 2-2: Ball 3-2: Foul Ball, location: 2F 3-2: Fly out, F5 (Popup, 5F) | Top of the 1st over - 0 runs, 0 hits, 0 errors, 2 left on base; Moose Jaw 0 - Balzac 0 | BOTTOM OF THE 1ST |
---|
Balzac Rams batting - Pitching for Moose Jaw Ghostbusters : RHP Ernesto Mendoza | Pitching: RHP Ernesto Mendoza | | Batting: SHB Emílio Calvillo | 0-0: Ground out 4-3 (Groundball, 4) | Batting: RHB Tommy Wilson | 0-0: Called Strike 0-1: Ball 1-1: Ball 2-1: Fly out, F4 (Line Drive, 4) | Batting: RHB Ken Longoria | 0-0: Swinging Strike 0-1: Ball 1-1: Ball 2-1: Foul Ball, location: 2F 2-2: Foul Ball, location: 2F 2-2: Strikes out looking | Bottom of the 1st over - 0 runs, 0 hits, 0 errors, 0 left on base; Moose Jaw 0 - Balzac 0 | TOP OF THE 2ND |
---|
Moose Jaw Ghostbusters batting - Pitching for Balzac Rams : RHP Tim Osborne | Batting: SHB Rafael Acosta | 0-0: Swinging Strike 0-1: SINGLE (Line Drive, 8LM) | Batting: LHB Tony Beck | 0-0: Ball 1-0: Foul Ball, location: 2F 1-1: Grounds into double play, 4-6-3 (Groundball, 4M) | Batting: RHB Aaron Murray | 0-0: Ball 1-0: Called Strike 1-1: Called Strike 1-2: Strikes out swinging | Top of the 2nd over - 0 runs, 1 hit, 0 errors, 0 left on base; Moose Jaw 0 - Balzac 0 | BOTTOM OF THE 2ND |
---|
Balzac Rams batting - Pitching for Moose Jaw Ghostbusters : RHP Ernesto Mendoza | Batting: RHB Lorenzo Silva | 0-0: Called Strike 0-1: Foul Ball, location: 2F 0-2: Ball 1-2: Fly out, F8 (Flyball, 8RM) | Batting: LHB Carlos Romero | 0-0: Ball 1-0: Ball 2-0: Ball 3-0: Called Strike 3-1: Base on Balls | Batting: LHB Troy Jackson | 0-0: Ball 1-0: Ball 2-0: Foul Ball, location: 2F 2-1: Foul Ball, location: 2F 2-2: Foul Ball, location: 2F 2-2: Strikes out looking | Batting: RHB Ricardo Muńóz | 0-0: Ball 1-0: Called Strike 1-1: Swinging Strike 1-2: Ball 2-2: Ball 3-2: Strikes out swinging | Bottom of the 2nd over - 0 runs, 0 hits, 0 errors, 1 left on base; Moose Jaw 0 - Balzac 0 | TOP OF THE 3RD |
---|
Moose Jaw Ghostbusters batting - Pitching for Balzac Rams : RHP Tim Osborne | Batting: RHB Bob Cole | 0-0: Ball 1-0: Ball 2-0: Ball 3-0: Called Strike 3-1: SINGLE (Groundball, 4MD) | Batting: RHB Johnny MacNamara | 0-0: Foul Ball, location: 2F 0-1: Fly out, F6 (Popup, 56D) | Batting: LHB Jon Rogers | 0-0: Ball 1-0: Fly out, F8 (Flyball, 8LM) | Batting: RHB Billy Mullins | 0-0: Ball 1-0: Called Strike 1-1: Ball 2-1: Foul Ball, location: 2F 2-2: Fly out, F9 (Flyball, 9LS) | Top of the 3rd over - 0 runs, 1 hit, 0 errors, 1 left on base; Moose Jaw 0 - Balzac 0 | BOTTOM OF THE 3RD |
---|
Balzac Rams batting - Pitching for Moose Jaw Ghostbusters : RHP Ernesto Mendoza | Batting: RHB Gerald Arnold | 0-0: Ball 1-0: Called Strike 1-1: Foul Ball, location: 2F 1-2: Ball 2-2: Ball 3-2: Strikes out looking | Batting: RHB Josh Baker | 0-0: Fly out, F7 (Flyball, 78M) | Batting: SHB Emílio Calvillo | 0-0: Swinging Strike 0-1: Foul Ball, location: 2F 0-2: Ball 1-2: Foul Ball, location: 2F 1-2: Ball 2-2: Foul Ball, location: 2F 2-2: Foul Ball, location: 2F 2-2: Ball 3-2: SOLO HOME RUN (Flyball, 89XD), Distance : 435 ft | Batting: RHB Tommy Wilson | 0-0: Ball 1-0: Ball 2-0: Called Strike 2-1: Fly out, F8 (Flyball, 8RD) | Bottom of the 3rd over - 1 run, 1 hit, 0 errors, 0 left on base; Moose Jaw 0 - Balzac 1 | TOP OF THE 4TH |
---|
Moose Jaw Ghostbusters batting - Pitching for Balzac Rams : RHP Tim Osborne | Batting: RHB Yasuhiko Sumita | 0-0: Called Strike 0-1: Ground out 1-3 (Groundball, 15S) | Batting: LHB Jon Scott | 0-0: Ball 1-0: Foul Ball, location: 2F 1-1: Fly out, F6 (Line Drive, 6) | Batting: SHB Rafael Acosta | 0-0: Ball 1-0: Ball 2-0: Called Strike 2-1: Ball 3-1: Base on Balls | Batting: LHB Tony Beck | 0-0: Swinging Strike 0-1: Ball 1-1: Called Strike 1-2: Strikes out swinging | Top of the 4th over - 0 runs, 0 hits, 0 errors, 1 left on base; Moose Jaw 0 - Balzac 1 | BOTTOM OF THE 4TH |
---|
Balzac Rams batting - Pitching for Moose Jaw Ghostbusters : RHP Ernesto Mendoza | Batting: RHB Ken Longoria | 0-0: Ground out 6-3 (Groundball, 6MS) | Batting: RHB Lorenzo Silva | 0-0: Foul Ball, location: 2F 0-1: Ball 1-1: Ball 2-1: Foul Ball, location: 2F 2-2: Strikes out swinging | Batting: LHB Carlos Romero | 0-0: Ball 1-0: Swinging Strike 1-1: Swinging Strike 1-2: Strikes out swinging | Bottom of the 4th over - 0 runs, 0 hits, 0 errors, 0 left on base; Moose Jaw 0 - Balzac 1 | TOP OF THE 5TH |
---|
Moose Jaw Ghostbusters batting - Pitching for Balzac Rams : RHP Tim Osborne | Batting: RHB Aaron Murray | 0-0: Foul Ball, location: 2F 0-1: Swinging Strike 0-2: Foul Ball, location: 2F 0-2: Strikes out swinging | Batting: RHB Bob Cole | 0-0: Ball 1-0: Foul Ball, location: 2F 1-1: Fly out, F7 (Flyball, 78D) | Batting: RHB Johnny MacNamara | 0-0: Ball 1-0: DOUBLE (Line Drive, 7D) | Batting: LHB Jon Rogers | 0-0: Ball 1-0: Ball 2-0: Called Strike 2-1: Foul Ball, location: 2F 2-2: Ground out 6-3 (Groundball, 6) | Top of the 5th over - 0 runs, 1 hit, 0 errors, 1 left on base; Moose Jaw 0 - Balzac 1 | BOTTOM OF THE 5TH |
---|
Balzac Rams batting - Pitching for Moose Jaw Ghostbusters : RHP Ernesto Mendoza | Batting: LHB Troy Jackson | 0-0: SINGLE (Groundball, 5D) | Batting: RHB Ricardo Muńóz | 0-0: Fly out, F7 (Flyball, 7LS) | Batting: RHB Gerald Arnold | 0-0: TRIPLE (Flyball, 9LD) Troy Jackson scores | Batting: RHB Josh Baker | 0-0: Foul Ball, location: 2F 0-1: Swinging Strike 0-2: Ball 1-2: Foul Ball, location: 2F 1-2: Strikes out swinging | Batting: SHB Emílio Calvillo | 0-0: Ball 1-0: Fly out, F9 (Flyball, 89XD) | Bottom of the 5th over - 1 run, 2 hits, 0 errors, 1 left on base; Moose Jaw 0 - Balzac 2 | TOP OF THE 6TH |
---|
Moose Jaw Ghostbusters batting - Pitching for Balzac Rams : RHP Tim Osborne | Batting: RHB Billy Mullins | 0-0: Ball 1-0: Ball 2-0: Foul Ball, location: 2F 2-1: Ball 3-1: Foul Ball, location: 2F 3-2: Ground out 6-3 (Groundball, 6) | Batting: RHB Yasuhiko Sumita | 0-0: Ball 1-0: Ball 2-0: Ball 3-0: Called Strike 3-1: Base on Balls | Batting: LHB Jon Scott | 0-0: Called Strike 0-1: Foul Ball, location: 2F 0-2: Strikes out looking | Batting: SHB Rafael Acosta | 0-0: Foul Ball, location: 2F 0-1: Swinging Strike 0-2: Ball 1-2: Strikes out swinging | Top of the 6th over - 0 runs, 0 hits, 0 errors, 1 left on base; Moose Jaw 0 - Balzac 2 | BOTTOM OF THE 6TH |
---|
Balzac Rams batting - Pitching for Moose Jaw Ghostbusters : RHP Ernesto Mendoza | Batting: RHB Tommy Wilson | 0-0: Ball 1-0: Ball 2-0: Ball 3-0: Called Strike 3-1: Foul Ball, location: 2F 3-2: Foul Ball, location: 2F 3-2: Ground out U3 (Groundball, 34) | Batting: RHB Ken Longoria | 0-0: Called Strike 0-1: Foul Ball, location: 2F 0-2: Ball 1-2: Ground out 5-3 (Groundball, 56) | Batting: RHB Lorenzo Silva | 0-0: Ball 1-0: Ball 2-0: DOUBLE (Groundball, 5L) | Batting: LHB Carlos Romero | 0-0: Ball 1-0: Called Strike Error on foul ball, E3 1-2: Strikes out swinging | Bottom of the 6th over - 0 runs, 1 hit, 1 error, 1 left on base; Moose Jaw 0 - Balzac 2 | TOP OF THE 7TH |
---|
Moose Jaw Ghostbusters batting - Pitching for Balzac Rams : RHP Tim Osborne | Batting: LHB Tony Beck | 0-0: Ball 1-0: Foul Ball, location: 2F 1-1: Ball 2-1: Foul Ball, location: 2F 2-2: Foul Ball, location: 2F 2-2: Fly out, F3 (Line Drive, 3) | Batting: RHB Aaron Murray | 0-0: Ball 1-0: Ball 2-0: Called Strike 2-1: Ground out 4-3 (Groundball, 4) | Batting: RHB Bob Cole | 0-0: Ball 1-0: Ball 2-0: Ball 3-0: Base on Balls | Batting: RHB Johnny MacNamara | 0-0: Fly out, F7 (Flyball, 78D) | Top of the 7th over - 0 runs, 0 hits, 0 errors, 1 left on base; Moose Jaw 0 - Balzac 2 | BOTTOM OF THE 7TH |
---|
Balzac Rams batting - Pitching for Moose Jaw Ghostbusters : RHP Ernesto Mendoza | Batting: LHB Troy Jackson | 0-0: Ground out 4-3 (Groundball, 4) | Batting: RHB Ricardo Muńóz | 0-0: Called Strike 0-1: Ball 1-1: Ground out 4-3 (Groundball, 34) | Batting: RHB Gerald Arnold | 0-0: Ball 1-0: Ball 2-0: Ball 3-0: Called Strike 3-1: Base on Balls | Batting: RHB Josh Baker | 0-0: Called Strike 0-1: Called Strike 0-2: Ball Gerald Arnold steals 2nd base 1-2: Strikes out swinging | Bottom of the 7th over - 0 runs, 0 hits, 0 errors, 1 left on base; Moose Jaw 0 - Balzac 2 | TOP OF THE 8TH |
---|
Moose Jaw Ghostbusters batting - Pitching for Balzac Rams : RHP Tim Osborne | Batting: LHB Jon Rogers | 0-0: Called Strike 0-1: Ball 1-1: Ball 2-1: Ball 3-1: Called Strike 3-2: Foul Ball, location: 2F 3-2: Base on Balls | Pitching: RHP Manny Guerra | | Batting: RHB Billy Mullins | 0-0: Called Strike 0-1: Ball 1-1: Ball 2-1: Fly out, F7 (Flyball, 78S) | Batting: RHB Yasuhiko Sumita | 0-0: Ball 1-0: Ball 2-0: Ball 3-0: Called Strike 3-1: Base on Balls Jon Rogers to second | Pitching: LHP Nick Johnson | | Pinch Hitting: SHB Glenn Vadnais | 0-0: Ball 1-0: Called Strike 1-1: Foul Ball, location: 2F 1-2: Foul Ball, location: 2F 1-2: Ground out 4-3 (Groundball, 4S) Jon Rogers to third Yasuhiko Sumita to second | Pitching: RHP John Harris | | Batting: SHB Rafael Acosta | 0-0: Ball 1-0: Ball 2-0: Foul Ball, location: 2F 2-1: Ball 3-1: Foul Ball, location: 2F 3-2: Foul Ball, location: 2F 3-2: Foul Ball, location: 2F 3-2: Foul Ball, location: 2F 3-2: Base on Balls | Pitching: LHP Ben Turner | | Batting: LHB Tony Beck | 0-0: Ball 1-0: Foul Ball, location: 2F 1-1: Ball 2-1: SINGLE (Flyball, 8RS) Jon Rogers scores Yasuhiko Sumita to third Rafael Acosta to second Runner from 3rd tries for Home, throw and OUT! | Top of the 8th over - 1 run, 1 hit, 0 errors, 2 left on base; Moose Jaw 1 - Balzac 2 | BOTTOM OF THE 8TH |
---|
Balzac Rams batting - Pitching for Moose Jaw Ghostbusters : RHP Ernesto Mendoza | Pitching: RHP José Orozco | | Now in RF: Glenn Vadnais | | Batting: SHB Emílio Calvillo | 0-0: Foul Ball, location: 2F 0-1: Called Strike 0-2: Ball 1-2: Foul Ball, location: 2F 1-2: Ball 2-2: Strikes out swinging | Batting: RHB Tommy Wilson | 0-0: Ball 1-0: Swinging Strike 1-1: Ball 2-1: Ball 3-1: SOLO HOME RUN (Flyball, 8RD), Distance : 412 ft | Batting: RHB Ken Longoria | 0-0: Ball 1-0: SINGLE (Groundball, 34D) | Batting: RHB Lorenzo Silva | 0-0: Ball 1-0: Fly out, F8 (Flyball, 8RD) | Pitching: LHP Javier Galeas | | Batting: LHB Carlos Romero | 0-0: Called Strike 0-1: Ball 1-1: Ball 2-1: Ball 3-1: Base on Balls Ken Longoria to second | Pinch Hitting: RHB Brian Parks | 0-0: Ground out 4-3 (Groundball, 4MD) | Bottom of the 8th over - 1 run, 2 hits, 0 errors, 2 left on base; Moose Jaw 1 - Balzac 3 | TOP OF THE 9TH |
---|
Moose Jaw Ghostbusters batting - Pitching for Balzac Rams : LHP Ben Turner | Pitching: LHP Martin Balsano | | Now at 3B: Brian Parks | | Batting: RHB Aaron Murray | 0-0: Foul Ball, location: 2F 0-1: Ball 1-1: Foul Ball, location: 2F 1-2: Ball 2-2: Ground out 4-3 (Groundball, 4M) | Batting: RHB Bob Cole | 0-0: Ball 1-0: Called Strike 1-1: Foul Ball, location: 2F 1-2: Ball 2-2: Foul Ball, location: 2F 2-2: Foul Ball, location: 2F 2-2: Ball 3-2: Base on Balls | Batting: RHB Johnny MacNamara | 0-0: Grounds into double play, 6-4-3 (Groundball, 6) | Top of the 9th over - 0 runs, 0 hits, 0 errors, 0 left on base; Moose Jaw 1 - Balzac 3 | |